AoeStats
← Elmatigol

Yucatan

510341913Analyzed
2v2 RM · 2d ago on Sep 30, 2026· 74m 33s· 4 players
Game mode
Random Map
Map size
Medium (4 player)
Population
200
Speed
Normal
Resources
Standard
Victory
Conquest
Starting age
Dark Age
Ending age
Imperial Age
RankedLock teamsTeams togetherTeam positionsShared explorationLock speedFull tech treeHidden civsTurbo modeCheats
Victory
Defeat
🇺🇾 Lithuanians · Uruguay
995
+16
🇺🇾 Vietnamese · Uruguay
974
+17
🇨🇳 Turks · China
1008
-17
🇨🇳 Huns · China
977
-16
Elmatigol
12:40 Feudal Age
14:17 Loom
16:56 Castle Age
14:58 Horse Collar
18:00 Double-Bit Axe
19:16 Bloodlines
23:23 Scale Barding Armor
24:38 Chain Barding Armor
27:01 Husbandry
27:52 Forging
29:55 Gold Mining
32:00 Iron Casting
37:20 Wheelbarrow
37:05 Heavy Plow
42:36 Imperial Age
41:25 Hand Cart
42:38 Cavalier
43:56 Plate Barding Armor
43:45 Conscription
45:16 Paladin
46:14 Light Cavalry
47:36 Town Watch
48:20 Town Patrol
48:23 Pikeman
49:05 Squires
49:36 Halberdier
57:47 Elite Skirmisher
58:35 Thumb Ring
58:42 Imperial Skirmisher
59:15 Fletching
59:27 Padded Archer Armor
60:16 Tower Shields
60:23 Winged Hussar
62:18 Chemistry
61:08 Heated Shot
61:39 Ballistics
61:20 Bodkin Arrow
66:06 Leather Archer Armor
Pietroski
0:29 Loom
10:40 Feudal Age
11:07 Town Watch
11:11 Double-Bit Axe
17:36 Horse Collar
22:55 Castle Age
21:06 Stone Mining
29:27 Fletching
29:38 Padded Archer Armor
32:16 Leather Archer Armor
36:14 Elite Skirmisher
39:50 Bodkin Arrow
40:41 Wheelbarrow
42:21 Ballistics
44:35 Heavy Plow
48:34 Imperial Age
48:25 Stone Shaft Mining
47:44 Gold Mining
49:47 Ring Archer Armor
50:20 Chemistry
48:47 Imperial Skirmisher
49:34 Bracer
50:40 Hoardings
64:23 Elite Rattan Archer
1725629104
1:12 Loom
15:58 Feudal Age
17:24 Wheelbarrow
16:39 Double-Bit Axe
16:35 Horse Collar
20:04 Castle Age
21:53 Bow Saw
21:44 Heavy Plow
25:37 Imperial Age
26:49 Gold Mining
26:50 Stone Mining
30:47 Two-Man Saw
29:56 Fletching
30:07 Padded Archer Armor
35:22 Bodkin Arrow
35:42 Leather Archer Armor
41:23 Elite Janissary
46:04 Thumb Ring
46:27 Ballistics
46:39 Ring Archer Armor
46:10 Bracer
46:21 Forging
48:56 Squires
49:24 Artillery
49:45 Caravan
50:15 Hand Cart
51:05 Scale Barding Armor
50:58 Guard Tower
75:08 Gold Shaft Mining
1510232110
11:38 Feudal Age
10:21 Loom
17:32 Castle Age
15:44 Double-Bit Axe
16:17 Horse Collar
17:35 Light Cavalry
18:30 Bloodlines
18:20 Husbandry
18:26 Husbandry
19:38 Bloodlines
24:25 Scale Barding Armor
24:31 Forging
30:55 Wheelbarrow
31:20 Pikeman
32:01 Squires
43:05 Imperial Age
41:15 Stone Mining
41:15 Gold Mining
41:28 Heavy Plow
43:34 Hand Cart
44:59 Elite Tarkan
45:44 Marauders
46:34 Parthian Tactics
48:52 Bow Saw
48:07 Capped Ram
49:35 Chain Barding Armor
49:16 Heavy Cavalry Archer
51:02 Ballistics
51:43 Chemistry
52:21 Plate Barding Armor
52:21 Iron Casting
51:37 Fletching
51:47 Padded Archer Armor
51:35 Halberdier
52:02 Arson
55:59 Blast Furnace
54:54 Bodkin Arrow
55:03 Scale Mail Armor
58:30 Masonry
58:15 Murder Holes
59:24 Chain Mail Armor
59:25 Leather Archer Armor
59:10 Bracer
Connection lost

Rejoining the realm…

Still unreachable

The connection could not be restored.

Session expired

The server has moved on; the page needs a fresh start.